Map: Lightshade LE

Players

Maplez - Winner!

  • Race: Protoss Protoss

DisK

  • Race: Protoss Protoss

VOD

Have the link to the VOD?

Description

Time

  • Played on: Oct. 6, 2021, 4:29 p.m.
  • Length: 14:05
Show
View Real Time Build Order
Export as new Build Order

Maplez Protoss - Winner!

Build Orders: Oracle Opening, Dark Templar Rush 

Get SALT Encoding   

  12  0:00  Probe  
  13  0:12  Probe  
  14  0:16  Pylon  
  14  0:24  Probe (Chrono Boost)  
  16  0:36  Probe (Chrono Boost)  
  16  0:37  Gateway  
  16  0:41  Probe (Chrono Boost)  
  16  0:47  Assimilator  
  17  0:52  Probe  
  17  0:55  Assimilator  
  19  1:04  Probe (Chrono Boost)  
  19  1:08  Gateway  
  19  1:13  Probe (Chrono Boost)  
  20  1:18  Probe (Chrono Boost)  
  21  1:27  Cybernetics Core  
  21  1:30  Probe  
  22  1:37  Pylon  
  22  1:42  Probe  
  23  1:55  Probe  
  24  2:04  Stalker, Warp Gate (Chrono Boost), Sentry  
  24  2:08  Probe  
  29  2:13  Pylon  
  29  2:21  Probe  
  30  2:28  Pylon  
  30  2:30  Oracle  
  30  2:31  Stalker  
  30  2:33  Probe  
  33  2:39  Sentry  
  35  2:54  Nexus  
  35  2:58  Shield Battery  
  35  3:01  Probe  
  36  3:11  Pylon  
  36  3:13  Probe  
  37  3:21  Twilight Council  
  37  3:25  Probe  
  38  3:42  Probe  
  38  3:46  Stalker x2  
  39  3:58  Dark Shrine  
  39  4:00  Probe (Chrono Boost)  
  40  4:07  Probe (Chrono Boost)  
  42  4:10  Stalker  
  42  4:11  Stalker, Probe (Chrono Boost)  
  42  4:15  Probe (Chrono Boost)  
  47  4:17  Probe (Chrono Boost)  
  47  4:21  Probe  
  49  4:26  Probe (Chrono Boost)  
  49  4:38  Probe x2 (Chrono Boost)  
  49  4:43  Stalker, Pylon  
  49  4:44  Stalker  
  49  4:45  Blink (Chrono Boost)  
  53  4:46  Probe (Chrono Boost)  
  53  4:48  Probe (Chrono Boost)  
  55  4:58  Pylon  
  55  5:01  Probe x2  
  55  5:02  Pylon  
  57  5:12  Dark Templar  
  57  5:13  Probe  
  60  5:16  Assimilator, Probe  
  61  5:23  Pylon  
  61  5:29  Forge  
  61  5:33  Nexus  
  61  5:40  Probe  
  62  5:44  Probe  
  63  5:51  Gateway  
  63  5:52  Probe  
  63  5:53  Gateway  
  63  5:56  Probe  
  65  5:57  Gateway  
  65  5:59  Protoss Ground Weapons Level 1 (Chrono Boost)  
  65  6:05  Probe  
  65  6:06  Gateway  
  65  6:08  Probe  
  67  6:13  Stalker  
  67  6:14  Shield Battery  
  69  6:18  Stalker  
  71  6:26  Robotics Facility  
  71  6:29  Charge (Chrono Boost)  
  71  6:40  Shield Battery  
  71  6:42  Stalker x2  
  73  6:54  Dark Templar  
  66  6:55  Stalker x2  
  66  7:00  Probe  
  66  7:01  Probe x2  
  65  7:09  Stalker x2  
  69  7:18  Probe  
  69  7:22  Stalker x2  
  72  7:24  Stalker  
  68  7:33  Stalker  
  68  7:36  Probe  
  68  7:37  Probe  
  68  7:40  Observer  
  68  7:42  Gateway  
  68  7:43  Probe  
  70  7:47  Shield Battery x2  
  70  7:48  Probe  
  71  7:52  Stalker x2  
  71  7:56  Zealot x2  
  71  7:57  Zealot  
  82  8:00  Stalker  
  82  8:01  Warp Prism (Chrono Boost)  
  84  8:06  Probe x2  
  84  8:08  Probe  
  87  8:18  Probe  
  87  8:19  Pylon  
  89  8:20  Probe x2  
  89  8:23  Zealot  
  92  8:36  Pylon  
  92  8:40  Probe  
  93  8:48  Pylon  
  93  8:51  Observer  
  93  8:53  Dark Templar x2  
  88  9:07  Gateway  
  86  9:10  Gateway, Pylon  
  86  9:15  Zealot x4  
  94  9:29  Probe  
  94  9:31  Zealot x2  
  97  9:33  Assimilator  
  97  9:34  Probe  
  97  9:35  Assimilator, Probe  
  97  9:36  Protoss Ground Weapons Level 2 (Chrono Boost)  
  97  9:41  Probe  
  97  9:44  Zealot x4, Pylon  
  104  9:47  Probe x2  
  104  9:52  Assimilator  
  106  9:54  Probe, Shadow Stride (Chrono Boost)  
  107  10:01  Observer (Chrono Boost)  
  107  10:05  Stalker x3  
  107  10:06  Stalker x2  
  115  10:10  Shield Battery  
  114  10:15  Probe x2  
  116  10:24  Photon Cannon, Observer  
  116  10:25  Pylon  
  109  10:29  Zealot x2  
  109  10:31  Dark Templar x4  
  120  10:39  Observer  
  120  10:41  Photon Cannon  
  120  10:43  Zealot x2  
  120  10:49  Robotics Facility  
  124  10:51  Robotics Bay  
  124  10:56  Nexus  
  124  10:59  Pylon  
  124  11:04  Probe  
  125  11:05  Probe  
  125  11:06  Zealot x2  
  130  11:15  Probe  
  131  11:19  Pylon  
  131  11:20  Photon Cannon  
  131  11:22  Photon Cannon  
  127  11:32  Zealot x2  
  129  11:33  Zealot x3  
  129  11:35  Observer  
  137  11:48  Dark Templar x3  
  137  11:51  Photon Cannon  
  143  11:57  Disruptor x2 (Chrono Boost)  
  149  12:06  Pylon x2  
  146  12:17  Stalker x4  
  146  12:21  Probe  
  146  12:22  Probe  
  155  12:24  Disruptor (Chrono Boost)  
  155  12:27  Photon Cannon  
  139  12:47  Zealot x3  
  139  12:48  Zealot x3  
  147  12:52  Dark Templar x2, Disruptor  
  133  13:10  Dark Templar  
  133  13:11  Dark Templar x4  
  105  13:25  Zealot x3  
  97  13:45  Zealot x2  
  97  13:46  Zealot x4  
  105  13:52  Zealot  
  107  13:59  Zealot  
Show
View Real Time Build Order
Export as new Build Order

DisK Protoss 

Build Orders: Blink Stalkers 

Get SALT Encoding   

  12  0:00  Probe  
  13  0:12  Probe  
  14  0:17  Pylon  
  14  0:24  Probe  
  15  0:35  Gateway  
  15  0:36  Probe (Chrono Boost)  
  16  0:46  Assimilator, Probe (Chrono Boost)  
  17  0:51  Probe (Chrono Boost)  
  17  0:55  Assimilator  
  18  1:03  Probe (Chrono Boost)  
  19  1:08  Gateway  
  19  1:13  Probe (Chrono Boost)  
  19  1:18  Probe (Chrono Boost)  
  20  1:24  Cybernetics Core  
  21  1:29  Probe  
  22  1:34  Pylon  
  22  1:41  Probe  
  23  1:53  Probe  
  24  1:58  Warp Gate (Chrono Boost)  
  24  2:00  Stalker x2  
  28  2:11  Pylon  
  28  2:14  Probe  
  29  2:25  Pylon  
  29  2:30  Stalker  
  29  2:31  Stalker  
  33  2:54  Nexus  
  32  2:59  Shield Battery  
  32  3:03  Probe  
  33  3:12  Twilight Council  
  33  3:17  Sentry  
  33  3:18  Sentry  
  37  3:25  Pylon  
  37  3:27  Probe  
  36  3:52  Blink (Chrono Boost)  
  36  3:53  Adept x2  
  36  3:55  Probe (Chrono Boost)  
  37  4:06  Probe (Chrono Boost)  
  37  4:08  Probe (Chrono Boost)  
  39  4:15  Stalker, Probe (Chrono Boost)  
  39  4:16  Probe (Chrono Boost)  
  43  4:18  Stalker  
  43  4:22  Probe  
  43  4:23  Probe  
  47  4:34  Probe  
  47  4:35  Probe  
  45  4:40  Stalker  
  45  4:41  Stalker  
  49  4:47  Robotics Facility  
  49  4:50  Probe x2  
  51  4:52  Pylon  
  51  5:03  Probe  
  51  5:04  Probe  
  53  5:12  Gateway  
  53  5:14  Gateway  
  53  5:17  Stalker x2  
  57  5:28  Pylon  
  57  5:29  Probe x2  
  57  5:35  Observer  
  60  5:42  Probe x2  
  62  5:48  Assimilator  
  62  5:51  Pylon  
  62  5:56  Stalker x2, Forge  
  66  6:03  Observer  
  67  6:11  Stalker x2  
  70  6:21  Gateway  
  70  6:24  Stalker  
  72  6:26  Probe x2  
  72  6:28  Stalker  
  72  6:29  Assimilator  
  76  6:35  Adept  
  76  6:51  Probe  
  75  6:57  Stalker  
  75  6:58  Stalker x3  
  83  7:07  Nexus  
  69  7:22  Stalker x2  
  69  7:23  Stalker x2  
  71  7:30  Protoss Ground Weapons Level 1 (Chrono Boost)  
  67  7:37  Observer  
  67  7:38  Gateway  
  67  7:39  Probe x2  
  67  7:40  Gateway  
  67  7:46  Observer, Pylon  
  67  7:50  Gateway  
  67  7:51  Probe  
  67  7:52  Gateway x2  
  67  7:53  Probe  
  67  7:55  Gateway  
  67  7:57  Adept x2  
  73  8:04  Shield Battery  
  73  8:05  Stalker x2, Charge (Chrono Boost), Pylon  
  77  8:14  Pylon  
  77  8:15  Pylon  
  77  8:19  Probe  
  78  8:23  Stalker x2  
  81  8:29  Probe  
  81  8:33  Templar Archives  
  82  8:40  Zealot x2, Sentry  
  80  9:03  Zealot x8  
  80  9:07  Stalker  
  80  9:08  Stalker  
  96  9:12  Shield Battery  
  96  9:23  Stalker  
  96  9:24  Stalker x2  
  97  9:36  Observer  
  97  9:37  Adept x2  
  100  9:42  Probe x2  
  100  9:46  High Templar x2  
  100  9:47  Probe  
  105  9:52  Archon  
  105  9:53  Zealot x3  
  105  9:54  Probe x2  
  105  9:56  Zealot  
  105  9:58  Zealot  
  113  10:15  Zealot x5  
  123  10:27  Warp Prism (Chrono Boost)  
  119  10:29  High Templar x2  
  125  10:35  Zealot x2  
  125  10:36  Zealot x2  
  125  10:37  Archon  
  131  10:47  Zealot  
  131  10:48  Pylon x2  
  133  10:57  Pylon  
  133  11:07  High Templar x4  
  133  11:08  Zealot x4  
  149  11:11  Archon x2  
  149  11:18  Zealot x2  
  153  11:21  Pylon  
  146  11:35  Stalker x4  
  151  11:50  Pylon  
  151  11:58  Pylon  
  151  11:59  Pylon  
  151  12:06  Pylon  
  151  12:14  Zealot x3  
  157  12:17  Zealot x5  
  157  12:18  Zealot  
  155  12:50  Stalker  
  155  12:51  Stalker x6  
  155  13:05  Observer (Chrono Boost)  
  66  13:28  Zealot x4  
  47  13:51  Stalker  
Tags
 
Add a new tag
Caveats
  • Supply blocks, unpowered buildings, or Contaminate may cause inaccurate times.
  • Supply counts are checked every 10 seconds.